 Dungeon Crawl Stone Soup version 0.23.0 (webtiles) character file.

Game seed: 144442980347507861

278 loopi the Cutter (level 6, -6/32 HPs)
             Began as a Kobold Necromancer on Feb 24, 2019.
             Killed by divine providence
             ... invoked by an orc priest
              (13 damage)
             ... on level 3 of the Dungeon.
             The game lasted 00:15:58 (4403 turns).

loopi the Cutter (Kobold Necromancer)               Turns: 4403, Time: 00:15:58

Health: -6/32      AC:  3    Str:  5    XL:     6   Next: 51%
Magic:  5/11       EV: 16    Int: 17    God:
Gold:   123        SH:  0    Dex: 17    Spells: 10/12 levels left

rFire    . . .     SeeInvis .   m - +1 short sword (drain)
rCold    . . .     Gourm    .   (shield restricted)
rNeg     . . .     Faith    .   a - +0 robe
rPois    .         Spirit   .   (no helmet)
rElec    .         Reflect  .   v - +0 cloak
rCorr    .         Harm     .   (no gloves)
MR       .....                  (no boots)
Stlth    ++........             (no amulet)
HPRegen  0.10/turn              (no ring)
MPRegen  0.12/turn              (no ring)

@: no status effects
A: small, carnivore
a: no special abilities


You were on level 3 of the Dungeon.
You were completely stuffed.

You visited 1 branch of the dungeon, and saw 3 of its levels.

You collected 123 gold pieces.

Inventory:

Hand Weapons
 d - a +0 hunting sling
 i - a +0 hand axe
 j - a +0 dagger
 k - a +2 dagger of draining
 m - a +1 short sword of draining (weapon)
 n - a +0 whip
 u - a +1 dagger of venom
Missiles
 e - 43 bolts
 f - 9 stones (quivered)
 o - 23 sling bullets
 p - 26 arrows
 q - 2 tomahawks
Armour
 a - a +0 robe (worn)
 s - a +0 buckler
 v - a +0 cloak (worn)
Scrolls
 h - 2 scrolls of teleportation
 l - 2 scrolls of remove curse
 r - 2 scrolls of amnesia {unknown}
 t - a scroll of fear {unknown}
 x - a scroll of identify
Potions
 g - a potion of brilliance
 w - a potion of flight {unknown}
Comestibles
 b - 6 chunks of flesh
 c - 5 rations


   Skills:
 - Level 6.3 Short Blades
 - Level 3.3 Dodging
 - Level 2.6 Stealth
 + Level 3.5 Spellcasting
 - Level 4.0 Necromancy


You had 10 spell levels left.
You knew the following spells:

 Your Spells              Type           Power        Failure   Level  Hunger
a - Pain                  Necr           ###.         3%          1    None
b - Animate Skeleton      Necr           N/A          3%          1    None

Your spell library contained the following spells:

 Spells                   Type           Power        Failure   Level  Hunger
 Vampiric Draining        Necr           ###.......   10%         3    ###....
 Regeneration             Chrm/Necr      #.........   22%         3    ###....
 Animate Dead             Necr           N/A          32%         4    ####...


Dungeon Overview and Level Annotations

Branches:
Dungeon (3/15)

Altars:

Annotations:
D:2 Robin


Innate Abilities, Weirdness & Mutations

You are small and have problems with some larger weapons.
You are carnivorous and can eat meat at any time.


Message History

Unknown command.
Casting: Pain (safe; 3% risk of failure)
Confirm with . or Enter, or press ? or * to list all spells.
Aiming: Pain (safe; 3% risk of failure)
Press: ? - help, Shift-Dir - straight line, f/p - orc priest
Aim: an orc priest, wielding a +0 club (heavily wounded, chance to defeat MR: 75%)
The orc priest writhes in agony.
The orc priest invokes the aid of Beogh against you.
Pain shoots through your body!
* * * LOW HITPOINT WARNING * * *
Unknown command.
Casting: Pain (safe; 3% risk of failure)
Confirm with . or Enter, or press ? or * to list all spells.
Aiming: Pain (safe; 3% risk of failure)
Press: ? - help, Shift-Dir - straight line, f/p - orc priest
Aim: an orc priest, wielding a +0 club (severely wounded, chance to defeat MR: 75%)
The orc priest writhes in agony.
The orc priest mumbles some strange prayers to Beogh against you.
Beogh smites you!
You die...

...#.#####..........†.#
#.##........#.##.######
.........# #.#
..###.####.. #.# ###
#r# . #.# #####.# . #.#
....#.# .# # #.#
....#.##.#.# #.#
...........## #@#
.)........... #o#
....#.##########.#
#####....o.......#
##############


You could see an orc priest.

Vanquished Creatures
  Sigmund (D:2)
  4 adders
  An ooze (D:2)
  3 worms
  3 dart slugs (D:1)
  3 orcs (D:3)
  2 ball pythons
  6 bats
  4 giant cockroaches
  11 goblins
  6 hobgoblins
  11 kobolds
  A quokka (D:2)
  6 frilled lizards
  2 rats
64 creatures vanquished.

Notes
Turn   | Place    | Note
-------+----------+-------------------------------------------
     0 | D:1      | loopi the Kobold Necromancer began the quest for the Orb.
     0 | D:1      | Reached XP level 1. HP: 10/10 MP: 3/3
     2 | D:1      | Learned a level 1 spell: Animate Skeleton
   258 | D:1      | Reached XP level 2. HP: 13/15 MP: 1/5
   671 | D:1      | Reached skill level 1 in Short Blades
   748 | D:1      | Reached XP level 3. HP: 10/19 MP: 7/7
  1051 | D:1      | Reached skill level 2 in Short Blades
  1821 | D:2      | Noticed Sigmund
  1839 | D:2      | Killed Sigmund
  1839 | D:2      | Reached skill level 6 in Short Blades
  1839 | D:2      | Reached XP level 4. HP: 9/24 MP: 2/8
  1839 | D:2      | Reached XP level 5. HP: 10/28 MP: 2/9
  1839 | D:2      | Reached XP level 6. HP: 12/32 MP: 2/10
  2121 | D:2      | Noticed Robin
  4403 | D:3      | Killed from afar by an orc priest

Skill      XL: |  1  2  3  4  5  6 |
---------------+-------------------+-----
Spellcasting   | 3 |  3.5
Short Blades   | 1 6 |  6.3
Dodging        | 3 |  3.3
Stealth        | |  2.6
Necromancy     | |  4.0

Action                   |  1- 3 |  4- 6 || total
-------------------------+-------+-------++-------
Melee: Short sword       |    33 |    12 ||    45
Throw: Stone             |     1 |     8 ||     9
 Cast: Pain              |    28 |    87 ||   115
  Use: Potion            |     3 |       ||     3
       Scroll            |       |     4 ||     4
 Stab: Sleeping          |     3 |     1 ||     4
  Eat: Chunk             |    11 |     8 ||    19
Armor: Robe              |     3 |     7 ||    10
Dodge: Dodged            |    22 |    48 ||    70
